| TOP OF THE 1ST |
|
Biloxi Shuckers batting - Pitching for Columbia Fireflies : RHP Jose Esquibel
|
|
Pitching: RHP Jose Esquibel
|
|
|
Batting: SHB Mike Williams
|
0-0: Swinging Strike 0-1: SOLO HOME RUN (Line Drive, 9D, EV 106.9 MPH), Distance : 384 ft
|
|
Batting: LHB Adam Hill
|
0-0: Ball 1-0: Ball 2-0: Foul Ball, location: 2F 2-1: Ball 3-1: Foul Ball, location: 2F 3-2: Strikes out looking
|
|
Batting: SHB Orlando Torres
|
0-0: Ground out 6-3 (Groundball, 6S, EV 70.0 MPH)
|
|
Batting: SHB Ramon Perez
|
0-0: Ball 1-0: Ground out 1-3 (Groundball, 15S, EV 65.0 MPH)
|
| Top of the 1st over - 1 run, 1 hit, 0 errors, 0 left on base; Biloxi 1 - Columbia 0 |
| BOTTOM OF THE 1ST |
|
Columbia Fireflies batting - Pitching for Biloxi Shuckers : RHP Mark Hincks
|
|
Pitching: RHP Mark Hincks
|
|
|
Batting: RHB Omar Novoa
|
0-0: Called Strike 0-1: Ball 1-1: Ball 2-1: Ball 3-1: Swinging Strike 3-2: Strikes out swinging
|
|
Batting: SHB Masatoshi Akahoshi
|
0-0: Ball 1-0: Fly out, F7 (Flyball, 78XD, EV 80.6 MPH)
|
|
Batting: SHB Justin Wallace
|
0-0: Ball 1-0: Ground out 5-3 (Groundball, 6, EV 102.5 MPH)
|
| Bottom of the 1st over - 0 runs, 0 hits, 0 errors, 0 left on base; Biloxi 1 - Columbia 0 |
| TOP OF THE 2ND |
|
Biloxi Shuckers batting - Pitching for Columbia Fireflies : RHP Jose Esquibel
|
|
Batting: RHB Herb McIntyre
|
0-0: Swinging Strike 0-1: Called Strike 0-2: SINGLE (Groundball, 6MD, EV 95.0 MPH)
|
|
Batting: RHB Steve Byerly
|
0-0: Fly out, F7 (Flyball, 7LM, EV 91.9 MPH)
|
|
Batting: RHB Vinny Estrada
|
0-0: Ball 1-0: DOUBLE (Flyball, 8LXD, EV 102.5 MPH) Herb McIntyre to third Runner from 3rd tries for Home, SAFE, no throw by CF
|
|
Batting: RHB Cameron Rattenbury
|
0-0: Fly out, F4 (Line Drive, 4M, EV 69.4 MPH)
|
|
Batting: RHB Brian Landrum
|
0-0: Ball 1-0: Ball 2-0: Ball Wild Pitch! Vinny Estrada to third 3-0: Base on Balls
|
|
Batting: SHB Mike Williams
|
0-0: Ball 1-0: Swinging Strike 1-1: Ball 2-1: SINGLE (Groundball, 6M, EV 103.8 MPH) Vinny Estrada scores Brian Landrum to second Runner from 2nd tries for 3rd, SAFE, throw by CF made to third
|
|
Batting: LHB Adam Hill
|
0-0: Ball 1-0: Called Strike 1-1: Foul Ball, location: 2F 1-2: Ball 2-2: Foul Ball, location: 2F 2-2: Ball 3-2: Strikes out swinging
|
| Top of the 2nd over - 2 runs, 3 hits, 0 errors, 2 left on base; Biloxi 3 - Columbia 0 |
| BOTTOM OF THE 2ND |
|
Columbia Fireflies batting - Pitching for Biloxi Shuckers : RHP Mark Hincks
|
|
Batting: LHB Tony Leyba
|
0-0: Ball 1-0: SINGLE (Line Drive, 34D, EV 103.8 MPH)
|
|
Batting: RHB Masaya Nakamura
|
0-0: Ball 1-0: Ball 2-0: Foul Ball, location: 2F 2-1: Ground out 5-3 (Groundball, 5S, EV 61.2 MPH) Tony Leyba to second
|
|
Batting: RHB Jose Lara
|
0-0: SINGLE (Flyball, 34D, EV 87.5 MPH) Tony Leyba to third
|
|
Batting: RHB Larry Shoop
|
0-0: Fly out, F9 (Flyball, 89S, EV 87.5 MPH)
|
|
Batting: RHB Fathi Addae
|
0-0: Fly out, F7 (Line Drive, 78D, EV 97.5 MPH)
|
| Bottom of the 2nd over - 0 runs, 2 hits, 0 errors, 2 left on base; Biloxi 3 - Columbia 0 |
| TOP OF THE 3RD |
|
Biloxi Shuckers batting - Pitching for Columbia Fireflies : RHP Jose Esquibel
|
|
Batting: SHB Orlando Torres
|
0-0: Ground out 3-1 (Groundball, 34, EV 84.4 MPH)
|
|
Batting: SHB Ramon Perez
|
0-0: Called Strike 0-1: Ball 1-1: Ball 2-1: Ball 3-1: Called Strike 3-2: Base on Balls
|
|
Batting: RHB Herb McIntyre
|
0-0: Called Strike 0-1: Fly out, F8 (Flyball, 89M, EV 96.2 MPH)
|
|
Batting: RHB Steve Byerly
|
0-0: Ball 1-0: Foul Ball, location: 2F 1-1: Called Strike 1-2: Strikes out swinging, 2-3 out at first.
|
| Top of the 3rd over - 0 runs, 0 hits, 0 errors, 1 left on base; Biloxi 3 - Columbia 0 |
| BOTTOM OF THE 3RD |
|
Columbia Fireflies batting - Pitching for Biloxi Shuckers : RHP Mark Hincks
|
|
Batting: RHB David Reyna
|
0-0: SINGLE (Groundball, 34D, EV 96.9 MPH)
|
|
Batting: RHB Omar Novoa
|
0-0: Foul Ball, location: 2F 0-1: Ball 1-1: Foul Ball, location: 2F 1-2: Fielders Choice at 2nd, 4-6 (Groundball, 4, EV 98.1 MPH)
|
|
Batting: SHB Masatoshi Akahoshi
|
0-0: Called Strike 0-1: Ball 1-1: Foul Ball, location: 2F 1-2: Foul Ball, location: 2F 1-2: Strikes out swinging
|
|
Batting: SHB Justin Wallace
|
0-0: Ball 1-0: Ball 2-0: Foul Ball, location: 2F 2-1: Called Strike 2-2: Fly out, F6 (Popup, 6M, EV 66.2 MPH)
|
| Bottom of the 3rd over - 0 runs, 1 hit, 0 errors, 1 left on base; Biloxi 3 - Columbia 0 |
| TOP OF THE 4TH |
|
Biloxi Shuckers batting - Pitching for Columbia Fireflies : RHP Jose Esquibel
|
|
Batting: RHB Vinny Estrada
|
0-0: Foul Ball, location: 2F 0-1: Ball 1-1: Swinging Strike 1-2: Ball 2-2: Ball 3-2: Ground out 6-3 (Groundball, 6MD, EV 98.1 MPH)
|
|
Batting: RHB Cameron Rattenbury
|
0-0: Swinging Strike 0-1: Ball 1-1: Ball 2-1: SOLO HOME RUN (Flyball, 9LD, EV 91.9 MPH), Distance : 345 ft
|
|
Batting: RHB Brian Landrum
|
0-0: Ball 1-0: Ball 2-0: Ball 3-0: Called Strike 3-1: Foul Ball, location: 2F 3-2: Base on Balls
|
|
Batting: SHB Mike Williams
|
0-0: Ball Brian Landrum is caught stealing 2nd base 2-6 1-0: Called Strike 1-1: Ball 2-1: SOLO HOME RUN (Flyball, 89XD, EV 94.4 MPH), Distance : 384 ft
|
|
Batting: LHB Adam Hill
|
0-0: Called Strike 0-1: Ball 1-1: Ground out U3 (Groundball, 34, EV 80.0 MPH)
|
| Top of the 4th over - 2 runs, 2 hits, 0 errors, 0 left on base; Biloxi 5 - Columbia 0 |
| BOTTOM OF THE 4TH |
|
Columbia Fireflies batting - Pitching for Biloxi Shuckers : RHP Mark Hincks
|
|
Batting: LHB Tony Leyba
|
0-0: SINGLE (Line Drive, 56, EV 93.8 MPH)
|
|
Batting: RHB Masaya Nakamura
|
0-0: Ball 1-0: Fly out, F8 (Flyball, 89XD, EV 93.1 MPH)
|
|
Batting: RHB Jose Lara
|
0-0: Called Strike 0-1: Ball 1-1: Called Strike 1-2: Ball 2-2: Foul Ball, location: 2F 2-2: Foul Ball, location: 2F 2-2: Ball 3-2: Foul Ball, location: 2F 3-2: Foul Ball, location: 2F 3-2: Base on Balls Tony Leyba to second
|
|
Batting: RHB Larry Shoop
|
0-0: Called Strike 0-1: Foul Ball, location: 2F 0-2: Fly out, F7 (Line Drive, 7S, EV 108.1 MPH)
|
|
Batting: RHB Fathi Addae
|
0-0: Ball 1-0: Called Strike 1-1: Swinging Strike 1-2: Strikes out swinging
|
| Bottom of the 4th over - 0 runs, 1 hit, 0 errors, 2 left on base; Biloxi 5 - Columbia 0 |
| TOP OF THE 5TH |
|
Biloxi Shuckers batting - Pitching for Columbia Fireflies : RHP Jose Esquibel
|
|
Batting: SHB Orlando Torres
|
0-0: Fly out, F7 (Flyball, 7D, EV 98.1 MPH)
|
|
Batting: SHB Ramon Perez
|
0-0: Foul Ball, location: 2F 0-1: Ball 1-1: Swinging Strike 1-2: Ball 2-2: Foul Ball, location: 2F 2-2: Strikes out looking
|
|
Batting: RHB Herb McIntyre
|
0-0: DOUBLE (Flyball, 8LXD, EV 99.4 MPH)
|
|
Batting: RHB Steve Byerly
|
0-0: Called Strike 0-1: Ball 1-1: Swinging Strike 1-2: Ball 2-2: Ground out 4-3 (Groundball, 4, EV 92.5 MPH)
|
| Top of the 5th over - 0 runs, 1 hit, 0 errors, 1 left on base; Biloxi 5 - Columbia 0 |
| BOTTOM OF THE 5TH |
|
Columbia Fireflies batting - Pitching for Biloxi Shuckers : RHP Mark Hincks
|
|
Batting: RHB David Reyna
|
0-0: Ball 1-0: Swinging Strike 1-1: Foul Ball, location: 2F 1-2: Ball 2-2: Ball 3-2: Foul Ball, location: 2F 3-2: Fly out, F8 (Flyball, 8RD, EV 88.1 MPH)
|
|
Batting: RHB Omar Novoa
|
0-0: Foul Ball, location: 2F 0-1: Ball 1-1: Called Strike 1-2: Ball 2-2: Foul Ball, location: 2F 2-2: Ball 3-2: Ground out 6-3 (Groundball, 6, EV 91.2 MPH)
|
|
Batting: SHB Masatoshi Akahoshi
|
0-0: Called Strike 0-1: Swinging Strike 0-2: Foul Ball, location: 2F 0-2: Ball 1-2: Foul Ball, location: 2F 1-2: Foul Ball, location: 2F 1-2: Strikes out swinging
|
| Bottom of the 5th over - 0 runs, 0 hits, 0 errors, 0 left on base; Biloxi 5 - Columbia 0 |
| TOP OF THE 6TH |
|
Biloxi Shuckers batting - Pitching for Columbia Fireflies : RHP Jose Esquibel
|
|
Pitching: RHP Barney Pederson
|
|
|
Batting: RHB Vinny Estrada
|
0-0: Ground out 3-1 (Groundball, 34S, EV 80.6 MPH)
|
|
Batting: RHB Cameron Rattenbury
|
0-0: Ball 1-0: Ball 2-0: Called Strike 2-1: Foul Ball, location: 2F 2-2: DOUBLE (Line Drive, 9LS, EV 88.1 MPH)
|
|
Batting: RHB Brian Landrum
|
0-0: Ball 1-0: Called Strike 1-1: Swinging Strike 1-2: Strikes out swinging
|
|
Batting: SHB Mike Williams
|
0-0: Ball 1-0: Foul Ball, location: 2F 1-1: Called Strike 1-2: DOUBLE (Line Drive, 7LM, EV 113.8 MPH) Cameron Rattenbury scores
|
|
Batting: LHB Adam Hill
|
0-0: Ball 1-0: Ground out 6-3 (Groundball, 6, EV 86.9 MPH)
|
| Top of the 6th over - 1 run, 2 hits, 0 errors, 1 left on base; Biloxi 6 - Columbia 0 |
| BOTTOM OF THE 6TH |
|
Columbia Fireflies batting - Pitching for Biloxi Shuckers : RHP Mark Hincks
|
|
Batting: SHB Justin Wallace
|
0-0: Called Strike 0-1: Ground out 4-3 (Groundball, 34D, EV 107.5 MPH)
|
|
Batting: LHB Tony Leyba
|
0-0: Ball 1-0: Called Strike 1-1: Foul Ball, location: 2F 1-2: Strikes out swinging
|
|
Batting: RHB Masaya Nakamura
|
0-0: Ball 1-0: Ball 2-0: Ball 3-0: SINGLE (Line Drive, 8LS, EV 100.0 MPH)
|
|
Batting: RHB Jose Lara
|
0-0: SINGLE (Groundball, 56D, EV 100.6 MPH) Masaya Nakamura to second
|
|
Batting: RHB Larry Shoop
|
0-0: Ball 1-0: Fielders Choice at 2nd, 5-4 (Groundball, 5, EV 103.1 MPH)
|
| Bottom of the 6th over - 0 runs, 2 hits, 0 errors, 2 left on base; Biloxi 6 - Columbia 0 |
| TOP OF THE 7TH |
|
Biloxi Shuckers batting - Pitching for Columbia Fireflies : RHP Barney Pederson
|
|
Batting: SHB Orlando Torres
|
0-0: Ball 1-0: Called Strike 1-1: Ball 2-1: Ball 3-1: Fly out, F7 (Flyball, 7, EV 75.0 MPH)
|
|
Batting: SHB Ramon Perez
|
0-0: Ball 1-0: Called Strike 1-1: Ball 2-1: Foul Ball, location: 2F 2-2: Ball 3-2: Foul Ball, location: 2F 3-2: Strikes out swinging
|
|
Batting: RHB Herb McIntyre
|
0-0: Called Strike 0-1: Ground out 6-3 (Groundball, 6, EV 100.6 MPH)
|
| Top of the 7th over - 0 runs, 0 hits, 0 errors, 0 left on base; Biloxi 6 - Columbia 0 |
| BOTTOM OF THE 7TH |
|
Columbia Fireflies batting - Pitching for Biloxi Shuckers : RHP Mark Hincks
|
|
Batting: RHB Fathi Addae
|
0-0: Ground out 5-3 (Groundball, 5, EV 99.4 MPH)
|
|
Batting: RHB David Reyna
|
0-0: Ball 1-0: Foul Ball, location: 2F 1-1: Swinging Strike 1-2: Ground out U3 (Groundball, 34, EV 100.0 MPH)
|
|
Batting: RHB Omar Novoa
|
0-0: Foul Ball, location: 2F 0-1: Ground out 1-3 (Groundball, 15, EV 66.9 MPH)
|
| Bottom of the 7th over - 0 runs, 0 hits, 0 errors, 0 left on base; Biloxi 6 - Columbia 0 |
| TOP OF THE 8TH |
|
Biloxi Shuckers batting - Pitching for Columbia Fireflies : RHP Barney Pederson
|
|
Batting: RHB Steve Byerly
|
0-0: Called Strike 0-1: Swinging Strike 0-2: Ball 1-2: SINGLE (Groundball, 56D, EV 108.8 MPH)
|
|
Pitching: LHP Bubba Fields
|
|
|
Batting: RHB Vinny Estrada
|
0-0: Foul Ball, location: 2F 0-1: Foul Ball, location: 2F 0-2: Ball 1-2: Ball 2-2: Ball 3-2: Foul Ball, location: 2F 3-2: Strikes out looking
|
|
Batting: RHB Cameron Rattenbury
|
0-0: Ball 1-0: Ball 2-0: Called Strike 2-1: Foul Ball, location: 2F 2-2: Ball 3-2: Foul Ball, location: 2F 3-2: Strikes out looking
|
|
Batting: RHB Brian Landrum
|
0-0: Ball 1-0: Called Strike 1-1: Ball 2-1: Called Strike 2-2: Ball 3-2: Strikes out looking
|
| Top of the 8th over - 0 runs, 1 hit, 0 errors, 1 left on base; Biloxi 6 - Columbia 0 |
| BOTTOM OF THE 8TH |
|
Columbia Fireflies batting - Pitching for Biloxi Shuckers : RHP Mark Hincks
|
|
Pitching: RHP Ronnie DeVries
|
|
|
Batting: SHB Masatoshi Akahoshi
|
0-0: Ball 1-0: Ground out U3 (Groundball, 34, EV 101.2 MPH)
|
|
Batting: SHB Justin Wallace
|
0-0: Foul Ball, location: 2F 0-1: Ground out 6-3 (Groundball, 4, EV 87.5 MPH)
|
|
Batting: LHB Tony Leyba
|
0-0: Ball 1-0: Ball 2-0: Ground out U3 (Groundball, 34S, EV 71.2 MPH)
|
| Bottom of the 8th over - 0 runs, 0 hits, 0 errors, 0 left on base; Biloxi 6 - Columbia 0 |
| TOP OF THE 9TH |
|
Biloxi Shuckers batting - Pitching for Columbia Fireflies : LHP Bubba Fields
|
|
Batting: SHB Mike Williams
|
0-0: Ball 1-0: Ball 2-0: Foul Ball, location: 2F 2-1: Fly out, F7 (Flyball, 78S, EV 86.9 MPH)
|
|
Batting: LHB Adam Hill
|
0-0: Called Strike 0-1: Ball 1-1: Foul Ball, location: 2F 1-2: Strikes out looking
|
|
Batting: SHB Orlando Torres
|
0-0: Called Strike 0-1: Called Strike 0-2: Foul Ball, location: 2F 0-2: Ball 1-2: Fly out, F9 (Flyball, 89M, EV 80.6 MPH)
|
| Top of the 9th over - 0 runs, 0 hits, 0 errors, 0 left on base; Biloxi 6 - Columbia 0 |
| BOTTOM OF THE 9TH |
|
Columbia Fireflies batting - Pitching for Biloxi Shuckers : RHP Ronnie DeVries
|
|
Batting: RHB Masaya Nakamura
|
0-0: Ball 1-0: Swinging Strike 1-1: Ball 2-1: Ground out 6-3 (Groundball, 56, EV 89.4 MPH)
|
|
Batting: RHB Jose Lara
|
0-0: Called Strike 0-1: TRIPLE (Flyball, 89XD, EV 93.1 MPH)
|
|
Batting: RHB Larry Shoop
|
0-0: Called Strike 0-1: Swinging Strike 0-2: Foul Ball, location: 2F 0-2: Ball 1-2: Ball 2-2: Ball 3-2: Foul Ball, location: 2F 3-2: Ground out U3 (Groundball, 34S, EV 78.8 MPH) Jose Lara scores
|
|
Batting: RHB Fathi Addae
|
0-0: Foul Ball, location: 2F 0-1: Called Strike 0-2: Foul Ball, location: 2F 0-2: Fly out, F5 (Line Drive, 5, EV 67.5 MPH)
|
| Bottom of the 9th over - 1 run, 1 hit, 0 errors, 0 left on base; Biloxi 6 - Columbia 1 |
|